 Dungeon Crawl Stone Soup version 0.30-a0-263-ge22c4ad894 (webtiles) character file.

Game seed: 5979225175742503488

105 Lanoc the Covert (level 4, 0/26 HPs)
             Began as a Vampire Brigand on Oct 13, 2022.
             Slain by Terence
             ... wielding a +0 flail
              (9 damage)
             ... on level 3 of the Dungeon.
             The game lasted 00:05:10 (1298 turns).

Lanoc the Covert (Vampire Brigand)                  Turns: 1298, Time: 00:05:10

Health: 0/26       AC:  4    Str:  9 (10) XL:     4   Next: 54%
Magic:  4/4        EV: 12    Int: 11 (13) God:
Gold:   119        SH:  0    Dex: 15 (17) Spells: 3/3 levels left

rFire   . . .      SeeInvis +    a - +2 dagger
rCold   + + .      Faith    .    (no shield)
rNeg    + + +      Spirit   .    b - +0 robe
rPois   ∞          Reflect  .    (no helmet)
rElec   .          Harm     .    c - +0 cloak
rCorr   .          Rampage  .    l - +0 pair of gloves
Will    .....                    (no boots)
Stlth   ++++++....               n - amulet of regeneration
HPRegen 0.00/turn                (no ring)
MPRegen 0.09/turn                (no ring)

@: bloodless, inhibited regen
A: bloodless, fangs 3, see invisible, vampiric 2
a: Bat Form, Revivify


You were on level 3 of the Dungeon.
You visited 1 branch of the dungeon, and saw 3 of its levels.

You collected 119 gold pieces.

Inventory:

Hand Weapons
 a - a +2 dagger (weapon)
Missiles
 d - 6 poisoned darts (quivered)
 e - 3 curare-tipped darts
Armour
 b - a +0 robe (worn)
 c - a +0 cloak (worn)
 l - a +0 pair of gloves (worn)
Jewellery
 n - an amulet of regeneration (around neck)
Scrolls
 f - 4 scrolls of noise {unknown}
 g - 4 scrolls of identify {unknown}
 i - a scroll of amnesia {unknown}
 j - 2 scrolls of magic mapping {unknown}
 k - a scroll of teleportation {unknown}
 m - a scroll of immolation {unknown}
Potions
 h - a potion of degeneration
 o - 3 potions of flight {unknown}


   Skills:
 - Level 1.7 Fighting
 + Level 3.4 Short Blades
 - Level 1.5 Throwing
 - Level 1.1 Dodging
 * Level 8.3 Stealth


You had 3 spell levels left.
You didn't know any spells.
Your spell library contained the following spells:

 Spells                   Type           Power      Damage    Failure   Level
 Sandblast                Erth           0%         2d4       34%         1
 Passwall                 Tmut/Erth      0%         N/A       47%         2
 Stone Arrow              Conj/Erth      0%         3d7       71%         3


Dungeon Overview and Level Annotations

Branches:
Dungeon (3/15)

Altars:

Annotations:
D:3 Robin, Terence


Innate Abilities, Weirdness & Mutations

You do not regenerate when monsters are visible.
You are frail without blood (-20% HP).
You can heal yourself when you bite living creatures.
You are immune to poison.
You have razor-sharp teeth.
You have supernaturally acute eyesight. (SInv)
You are afflicted with vampirism and can become a bat while bloodless.


Message History

Found a long gold wand.
A bat comes into view.
A rat comes into view.
Found a dagger.
Terence the Incautious comes into view.
He is wielding a +0 flail.
The hobgoblin shouts!
You barely miss the hobgoblin. The hobgoblin closely misses you.
Terence asks, "Do you want it fast or slow?"
You hit the hobgoblin.
The hobgoblin is heavily wounded.
The hobgoblin barely misses you.
You hit the hobgoblin but do no damage.
The hobgoblin is heavily wounded.
The hobgoblin completely misses you. The rat barely misses you.
You barely miss the hobgoblin.
The hobgoblin is heavily wounded.
The hobgoblin hits you. The rat bites you but does no damage.
You hit the hobgoblin but do no damage. You bite the hobgoblin.
You draw the hobgoblin's blood!
You feel better.
The hobgoblin is almost dead.
The bat barely misses you. The rat bites you. The hobgoblin barely misses you.
You hit the hobgoblin.
You kill the hobgoblin!
The bat misses you.
You hit Terence.
Terence is lightly wounded.
The bat barely misses you. The rat barely misses you.
Terence hits you with a +0 flail!
You hit Terence but do no damage.
Terence is lightly wounded.
The bat closely misses you. Terence hits you with a +0 flail.
The rat barely misses you. The bat barely misses you.
The rat closely misses you.
It was a potion of degeneration.
There was something very wrong with that liquid.
You feel weakened.
You feel dopey.
You feel clumsy. The rat bites you but does no damage.
Terence screams, "I'm going to kill you!"
Terence hits you with a +0 flail!
You die...

..#........ .
......#.... ..
......... .
...###....#.##.
...............
#...........# #
#.....†.....#)..
#......br.....#
......#@@.###..
#.........###+###
#...............#
#............<..#
.............(..#
............!..##
..............#
..............#
.............#


You could see Terence, a bat and a rat.

Vanquished Creatures
  2 gnolls (D:1)
  3 adders (D:2)
  An orc (D:3)
  6 ball pythons
  A bat (D:2)
  5 endoplasms
  3 giant cockroaches
  7 goblins
  12 hobgoblins
  2 jackals (D:1)
  3 frilled lizards (D:2)
  4 kobolds
  5 rats
54 creatures vanquished.

Notes
Turn   | Place    | Note
-------+----------+-------------------------------------------
     0 | D:1      | Lanoc the Vampire Brigand began the quest for the Orb.
     0 | D:1      | Reached XP level 1. HP: 16/16 MP: 1/1
    35 | D:1      | Reached skill level 6 in Stealth
    52 | D:1      | Reached XP level 2. HP: 17/17 MP: 2/2
   193 | D:1      | Reached skill level 7 in Stealth
   272 | D:1      | Gained mutation: You are afflicted with vampirism and can
                  | become a bat while bloodless. [Vampire growth]
   272 | D:1      | Reached XP level 3. HP: 21/21 MP: 3/3
   856 | D:2      | Reached XP level 4. HP: 20/26 MP: 4/4
  1009 | D:2      | Reached skill level 8 in Stealth
  1232 | D:3      | Noticed Robin
  1287 | D:3      | Noticed Terence
  1298 | D:3      | Slain by Terence

Illustrated notes

Levels and vault maps discovered:
D:1:      spicycebolla_arrival_risky_transporter, layout_rooms, serial_forest,
          infiniplex_forest_straight_4, infiniplex_forest_straight_2,
          infiniplex_forest_zigzag_2, infiniplex_forest_lined_room_2,
          infiniplex_forest_lined_room_2, infiniplex_forest_lined_corner,
          infiniplex_forest_3_way, infiniplex_forest_lined_room_,
          infiniplex_forest_end_3
D:2:      layout_basic, grunt_ministairs_13, minmay_pentomino_t2
D:3:      layout_basic, uniq_crazy_yiuf_cottage, uniq_robin, uniq_terence

Skill      XL: |  1  2  3  4 |
---------------+-------------+-----
Stealth        | 6 7 8 |  8.3
Short Blades   | 3 |  3.4
Fighting       | |  1.7
Throwing       | |  1.5
Dodging        | |  1.1

Action                   |  1- 3 |  4- 6 || total
-------------------------+-------+-------++-------
Melee: Dagger            |    70 |    59 ||   129
       Bite              |     6 |     3 ||     9
       Punch             |       |     1 ||     1
Throw: Dart              |       |     3 ||     3
 Abil: Exsanguinate      |     1 |       ||     1
  Use: Potion            |       |     1 ||     1
 Stab: Sleeping          |    24 |     3 ||    27
Armor: Robe              |     6 |    18 ||    24
Dodge: Dodged            |    30 |    49 ||    79

Table legend: (Time is in decaauts)
 A = Elapsed time spent in this place.
 B = Non-inter-level travel time spent in this place.
 C = Inter-level travel time spent in this place.
 D = Time resting spent in this place.
 E = Time spent auto-exploring this place.
 F = Levels seen in this place.
 G = Mean time per level.
                   A        B        C        D        E       F      G
               +--------+--------+--------+--------+--------+-----+--------+
         Total |   1278 |   1196 |     82 |      0 |    850 |   3 |  426.0 |
       Dungeon |   1278 |   1196 |     82 |      0 |    850 |   3 |  426.0 |
               +--------+--------+--------+--------+--------+-----+--------+

Top non-repeatable levels by time:
     D:1: 646 daAuts
     D:2: 566 daAuts
     D:3: 65 daAuts
